 Dungeon Crawl Stone Soup version 0.28.0-53-g5a82cb258f (webtiles) character file.

Game seed: 10409185816247611324

3194 Zeld the Ogre Mage (level 9, 0/74 HPs)
             Began as an Ogre Fire Elementalist on June 6, 2022.
             Was an Initiate of Gozag.
             Slain by a killer bee (6 damage)
             ... on level 9 of the Dungeon.
             The game lasted 00:10:03 (10756 turns).

Zeld the Ogre Mage (Ogre Fire Elementalist)        Turns: 10756, Time: 00:10:03

Health: 0/74       AC:  4    Str: 14    XL:     9   Next: 96%
Magic:  1/21       EV: 11    Int: 24    God:    Gozag
Gold:   912        SH:  0    Dex:  9    Spells: 15/25 levels left

rFire   . . .      SeeInvis +   (no weapon)
rCold   . . .      Faith    .   (no shield)
rNeg    . . .      Spirit   .   k - +0 robe
rPois   +          Reflect  .   (helmet restricted)
rElec   .          Harm     .   q - +0 cloak
rCorr   +          Rampage  .   (gloves unavailable)
Will    .....                   (boots unavailable)
Stlth   ..........              (no amulet)
HPRegen 0.22/turn               e - ring of resist corrosion
MPRegen 0.17/turn               j - ring of the Well-Known Wishes {rPois Int+4 SInv Stlth-}

@: no status effects
A: large, unfitting armour, tough skin 1
a: Renounce Religion, Potion Petition, Call Merchant, Bribe Branch


You were on level 9 of the Dungeon.
You worshipped Gozag.
Gozag was pleased with you.
You visited 2 branches of the dungeon, and saw 10 of its levels.
You also visited: Ossuary.

You collected 965 gold pieces.
You paid 53 gold pieces to Gozag.

Inventory:

Armour
 k - a +0 robe (worn)
 q - a +0 cloak (worn)
Jewellery
 e - a ring of resist corrosion (left hand)
 j - the ring of the Well-Known Wishes (right hand) {rPois Int+4 SInv Stlth-}
   (You took it off a hobgoblin on level 3 of the Dungeon)

   [ring of see invisible]

   Int:       It affects your intelligence (+4).
   rPois:     It protects you from poison.
   SInv:      It lets you see invisible.
   Stlth:     It makes you less stealthy.
Wands
 r - a wand of flame (11)
 C - a wand of iceblast (8)
Scrolls
 b - 5 scrolls of fear {unknown}
 c - 3 scrolls of amnesia {unknown}
 g - 9 scrolls of teleportation
 l - 4 scrolls of noise {unknown}
 n - a scroll of blinking {unknown}
 o - a scroll of immolation {unknown}
 p - a scroll of enchant armour {unknown}
 t - 2 scrolls of vulnerability {unknown}
 u - 4 scrolls of identify {unknown}
 x - a scroll of summoning {unknown}
 y - a scroll of magic mapping {unknown}
Potions
 a - a potion of brilliance {unknown}
 d - 2 potions of berserk rage {unknown}
 f - 2 potions of flight {unknown}
 h - 4 potions of heal wounds {unknown}
 i - a potion of attraction {unknown}
 m - 3 potions of curing
 s - a potion of lignification {unknown}
 v - a potion of ambrosia {unknown}
 z - a potion of cancellation {unknown}
 A - 2 potions of degeneration {unknown}
 B - a potion of might {unknown}
Miscellaneous
 w - a phantom mirror (inert)


   Skills:
 + Level 5.2 Dodging
 - Level 1.4 Stealth
 * Level 8.9 Spellcasting
 + Level 5.0 Conjurations
 - Level 2.0 Hexes
 * Level 7.5 Fire Magic


You had 15 spell levels left.
You knew the following spells:

 Your Spells              Type           Power      Damage    Failure   Level
a - Foxfire               Conj/Fire      100%       2x1d9     1%          1
b - Scorch                Fire           94%        2d9       1%          2
c - Inner Flame           Hex/Fire       33%        N/A       2%          3
d - Flame Wave            Conj/Fire      40%        2d9       4%          4

Your spell library contained the following spells:

 Spells                   Type           Power      Damage    Failure   Level
 Conjure Flame            Conj/Fire      40%        6-21      1%          3
 Static Discharge         Conj/Air       22%        N/A       3%          2
 Sticky Flame             Conj/Fire      40%        2d6       4%          4
 Dispel Undead            Necr           10%        3d9       52%         4
 Summon Ice Beast         Ice/Summ       10%        N/A       52%         4
 Summon Mana Viper        Hex/Summ       15%        N/A       73%         5
 Monstrous Menagerie      Summ           5%         N/A       100%        7


Dungeon Overview and Level Annotations

Branches:
Dungeon (9/15)             Temple (1/1) D:5         Ossuary (visited)
   Lair: D:8-11         Orc: D:9-12

Altars:
Ashenzari
Cheibriados
Dithmenos
Elyvilon
Fedhas
Gozag
Hepliaklqana
Kikubaaqudgha
Makhleb
Nemelex Xobeh
Okawaru
Qazlal
Ru
Sif Muna
Trog
Uskayaw
Vehumet
Wu Jian
Xom
Yredelemnul
Zin
The Shining One

Shops:
D:3 :


Innate Abilities, Weirdness & Mutations

You are too large for most types of armour.
You have tough skin. (AC +1)


Message History

The foxfire hits the killer bee.
The killer bee is almost dead.
The killer bee stings you!
* * * LOW HITPOINT WARNING * * *
The killer bee stings you.
* * * LOW HITPOINT WARNING * * *
The killer bee closely misses you. The killer bee stings you.
* * * LOW HITPOINT WARNING * * *
You climb downwards.
Found a plate armour.
There is a stone staircase leading up here.
Unknown command.
Okay, then.
Okay, then.
It was a potion of curing.
You feel better. The killer bee misses you. The killer bee closely misses you.
The killer bee stings you.
* * * LOW HITPOINT WARNING * * *
The killer bee barely misses you.
You feel better. The killer bee stings you.
* * * LOW HITPOINT WARNING * * *
The killer bee barely misses you. The killer bee stings you.
* * * LOW HITPOINT WARNING * * *
The killer bee stings you.
* * * LOW HITPOINT WARNING * * *
Unknown command.
The killer bee stings you.
* * * LOW HITPOINT WARNING * * *
You feel better. The killer bee closely misses you. The killer bee stings you.
* * * LOW HITPOINT WARNING * * *
Unknown command.
Aiming: Phantom Mirror
Press: ? - help, Dir - move target, f - killer bee
Aim: a killer bee (almost dead)
You reflect the killer bee with the mirror!
The mirror clouds!
The killer bee stings you!
* * * LOW HITPOINT WARNING * * *
Your killer bee stings the killer bee but does no damage.
The killer bee misses your killer bee. The killer bee stings you.
You die...
Your body crumbles into a pile of gold.

### #.# ..
#####.####...
#.........[..
#...yy...#
#y# #@#
#.......# $
#.#####.# ..#
###


You could see 2 killer bees and a friendly killer bee (summoned, drained).

Vanquished Creatures
  Maggie (D:8)
  A troll (D:9)
  A shadow (D:9)
  A water moccasin (D:6)
  3 black bears
  2 sky beasts
  An orc warrior (D:9)
  A centaur (D:5)
  A phantom (D:6)
  Blork the orc (D:5)
  A gnoll sergeant (D:9)
  6 scorpions
  A water moccasin zombie (D:5)
  2 killer bees (D:8)
  4 wights (D:8)
  3 centaur zombies (Ossuary)
  3 jellies
  A centaur skeleton (D:6)
  Crazy Yiuf (D:2)
  An orc priest (D:8)
  5 orc wizards
  2 iguanas
  A scorpion zombie (D:5)
  2 ogre zombies (Ossuary)
  2 hound skeletons
  7 mummies (Ossuary)
  A howler monkey zombie (D:8)
  11 gnolls
  7 adders
  A white imp (D:6)
  An ufetubus (D:4)
  2 adder zombies (Ossuary)
  3 adder skeletons
  A worm (D:3)
  2 dart slugs
  24 orcs
  7 ball pythons
  6 bats
  8 endoplasms
  3 giant cockroaches (D:1)
  6 goblins
  7 hobgoblins
  8 kobolds
  6 quokkas
  4 frilled lizards
  A goblin zombie (Ossuary)
  3 hobgoblin zombies (Ossuary)
  4 kobold zombies (Ossuary)
  10 quokka zombies (Ossuary)
  5 rats
  5 rat zombies (Ossuary)
191 creatures vanquished.

Vanquished Creatures (collateral kills)
  A foxfire (D:2)
1 creature vanquished.

Vanquished Creatures (others)
  123 foxfires
123 creatures vanquished.

Grand Total: 315 creatures vanquished

Notes
Turn   | Place    | Note
-------+----------+-------------------------------------------
     0 | D:1      | Zeld the Ogre Fire Elementalist began the quest for the
                  | Orb.
     0 | D:1      | Reached XP level 1. HP: 16/16 MP: 3/3
    54 | D:1      | Reached skill level 1 in Conjurations
   142 | D:1      | Reached XP level 2. HP: 24/24 MP: 2/5
   145 | D:1      | Learned a level 2 spell: Scorch
   602 | D:1      | Reached skill level 3 in Spellcasting
   637 | D:1      | Found a faded altar of an unknown god.
   723 | D:1      | Reached XP level 3. HP: 31/31 MP: 4/7
   733 | D:1      | Learned a level 3 spell: Inner Flame
  1473 | D:2      | Reached XP level 4. HP: 31/39 MP: 1/9
  2057 | D:2      | Found a runed translucent door.
  2278 | D:2      | Learned a level 4 spell: Flame Wave
  2476 | D:2      | Noticed Crazy Yiuf
  2644 | D:2      | Killed Crazy Yiuf
  2645 | D:2      | Reached XP level 5. HP: 45/45 MP: 5/10
  2721 | D:3      | Reached skill level 1 in Hexes
  2953 | D:3      | Reached skill level 4 in Spellcasting
  3244 | D:3      | Identified the ring of the Well-Known Wishes {rPois Int+4
                  | SInv Stlth-}
  3401 | D:3      | Found Lowefaf's Book Emporium.
  3566 | D:3      | Reached XP level 6. HP: 44/53 MP: 4/12
  4915 | D:5      | Entered Level 5 of the Dungeon
  4915 | D:5      | Noticed Blork the orc
  4919 | D:5      | Killed Blork the orc
  4957 | D:5      | Reached XP level 7. HP: 45/59 MP: 2/14
  5221 | D:4      | Reached skill level 5 in Spellcasting
  5661 | D:5      | Found a staircase to the Ecumenical Temple.
  5668 | Temple   | Entered the Ecumenical Temple
  5714 | Temple   | Became a worshipper of Gozag Ym Sagoz the Greedy
  6015 | D:5      | Reached skill level 5 in Fire Magic
  6015 | D:5      | Reached XP level 8. HP: 29/67 MP: 0/16
  6463 | D:5      | Reached skill level 6 in Spellcasting
  7217 | D:6      | Reached skill level 7 in Spellcasting
  7801 | D:6      | You fall into a shaft and drop 3 floors!
  8094 | D:9      | Noticed a shadow
  8107 | D:9      | Killed a shadow
  8108 | D:9      | Reached XP level 9. HP: 48/74 MP: 8/20
  8141 | D:9      | Noticed a troll
  8373 | D:9      | Killed a troll
  8685 | D:9      | Reached skill level 8 in Spellcasting
  8790 | D:8      | Found a burning altar of Makhleb.
  8841 | D:8      | Found a sand-covered staircase.
  8853 | Ossuary  | Entered an ossuary
 10133 | D:8      | Reached skill level 5 in Dodging
 10693 | D:8      | Noticed Maggie
 10710 | D:8      | Killed Maggie
 10744 | D:8      | Reached skill level 5 in Conjurations
 10756 | D:9      | Slain by a killer bee

Illustrated notes

Levels and vault maps discovered:
D:1:      dpeg_arrival_simpleton_b, layout_basic, basic_ecumenical_altar
D:2:      layout_loops_ring, grunt_ministairs_15, uniq_crazy_yiuf_cottage
D:3:      layout_rooms, serial_shops, nicolae_diamond_shop
D:4:      layout_cave_pools, st_stairs_3, minivault_4, minmay_quadrilaterals
D:5:      layout_basic, minmay_temple_entry_arrows, uniq_blork_the_orc
D:6:      layout_loops_ring, kennysheep_minor_cross
D:7:      layout_rooms, grunt_decor_mini_mirrors, serial_park_tiny_pond
D:8:      layout_loops_ring, kennysheep_mini, chequers_ossuary_entry_cave,
          uniq_maggie, uniq_joseph
D:9:      layout_basic, grunt_lair_entry_orc_guard_hut,
          hellmonk_ghost_happy_afterlife
Temple:   regret_index_temple_sigil_plot

Skill      XL: |  1  2  3  4  5  6  7  8  9 |
---------------+----------------------------+-----
Conjurations   | 1 2 3 4 5 |  5.0
Fire Magic     | 3 4 5 6 7 |  7.5
Dodging        | 2 3 4 5 |  5.2
Spellcasting   | 3 4 5 7 8 |  8.9
Hexes          | 1 2 |  2.0
Stealth        | |  1.4

Action                   |  1- 3 |  4- 6 |  7- 9 || total
-------------------------+-------+-------+-------++-------
Melee: Unarmed           |       |    16 |    23 ||    39
       Quarterstaff      |       |     2 |       ||     2
 Cast: Foxfire           |    43 |    20 |    16 ||    79
       Scorch            |     9 |    84 |   184 ||   277
       Flame Wave        |       |       |     1 ||     1
       Inner Flame       |       |       |     3 ||     3
Evoke: Phantom mirror    |       |       |     1 ||     1
  Use: Potion            |       |       |     3 ||     3
       Scroll            |       |       |     1 ||     1
Armor: Robe              |     2 |    19 |    21 ||    42
Dodge: Dodged            |     2 |    29 |    69 ||   100
